[Event "German Bundesliga 2023-24"]
[Site "Germany"]
[Date "2024.03.16"]
[Round "12.9"]
[White "Navara, David"]
[Black "Horvath, Dominik"]
[Result "1-0"]
[ECO "B13"]
[WhiteElo "2679"]
[BlackElo "2540"]
[Annotator "TA"]
[PlyCount "111"]
[EventDate "2023.10.20"]
[EventType "team-tourn"]
[EventCountry "GER"]
[SourceTitle "playchess.com"]
[Source "ChessBase"]
[SourceQuality "1"]
[TimeControl "40/6000+30:3000+30"]

1. e4 c6 2. d4 d5 3. exd5 cxd5 4. Bd3 Nf6 5. c3 Bg4 6. Qb3 Qc7 7. h3 {[%emt 0:00:21] B13: Caro-Kann: Exchange Variation and Panov-Botvinnik Attack.} Bh5 8. Ne2 Nc6 9. Bf4 Qd7 10. Nd2 e6 11. O-O Bd6 12. Bxd6 Qxd6 13. Rfe1 O-O 14. Ng3 Bg6 15. Bxg6 hxg6 16. Nf3 Rab8 17. a4 Qf4 $146 ({Predecessor:} 17... Rfc8 18. Ne5 Na5 19. Qb5 Qc7 20. Nf1 a6 21. Qe2 Nc4 22. Nxc4 Qxc4 23. Qxc4 Rxc4 {½-½ Pavic,F (2270)-Tica,S (2438) CRO Cup Vodice 2022 (3.6)}) 18. Re3 Na5 19. Qc2 Nc4 20. Ree1 Rbc8 21. Ra2 Rc7 22. a5 g5 23. Ne2 Qe4 24. Qc1 g4 25. Ng5 Qd3 26. hxg4 Nxg4 27. Qf4 Qd2 (27... Qf5 $1 $14) 28. Qxd2 $1 $16 Nxd2 {[%emt 0:00:03] [#]} 29. f3 $1 Ne3 {[%emt 0:07:21] [#]} 30. b3 $1 Ndf1 (30... Nxb3 $16 {keeps fighting.} 31. Rb1 Nxa5 (31... f6 $2 32. Nxe6 Nxa5 33. Nxc7 $18)) 31. Rxf1 $18 Nxf1 32. Kxf1 Re8 33. Nh3 f6 34. Nhf4 Kf7 35. Kf2 Rh8 36. Ra1 Rcc8 37. Nd3 Rc7 38. b4 Rb8 39. Nc5 Re8 40. f4 g6 41. Rh1 Kg7 42. Nd3 Rcc8 43. Ke3 Rc7 44. Kd2 Rcc8 45. a6 bxa6 46. Ra1 Rc6 47. Nc5 Rh8 48. Nxa6 ({Don't take} 48. Rxa6 Rxa6 49. Nxa6 Kf7 $18) 48... Rh2 $2 (48... Kf7 49. b5 (49. Nc5 a6 $18) 49... Rb6) 49. Nc5 $18 Rxg2 (49... Kf8 $142 50. b5 (50. Rxa7 Ke8 $18) 50... Rd6 51. Rxa7 Ke8) 50. Rxa7+ $18 Kh6 51. Nd7 g5 52. fxg5+ ({Not} 52. Nxf6 gxf4 53. Kd3 (53. b5 Rc8 $16) 53... f3 $18) 52... Kxg5 53. b5 Rc8 54. b6 Rh8 55. Ra1 Rhh2 56. Re1 1-0

[Event "German Bundesliga 2023-24"]
[Site "Germany"]
[Date "2024.03.16"]
[Round "12.9"]
[White "Bluebaum, Matthias"]
[Black "Petkidis, Anthony"]
[Result "1-0"]
[ECO "A13"]
[WhiteElo "2668"]
[BlackElo "2429"]
[Annotator "TA"]
[PlyCount "83"]
[EventDate "2023.10.20"]
[EventType "team-tourn"]
[EventCountry "GER"]
[SourceTitle "playchess.com"]
[Source "ChessBase"]
[SourceQuality "1"]
[TimeControl "40/6000+30:3000+30"]

1. c4 Nf6 2. Nf3 e6 3. b3 d5 4. Bb2 c5 5. cxd5 exd5 6. g3 Nc6 7. Bg2 d4 8. O-O {[%emt 0:00:22] Die Stellung ist ausgeglichen.} Be7 9. Na3 O-O 10. Nc4 Be6 11. e3 Rc8 12. Nce5 Nxe5 13. Nxe5 Bd5 14. Nf3 Qb6 (14... Ne4 $5 ) 15. exd4 c4 16. Ne5 {[%emt 0:02:18] Droht Bxd5 und aus.} Bxg2 17. Kxg2 Rfd8 18. Qf3 ({Schlechter ist} 18. Nxc4 Rxc4 19. bxc4 Qxb2 $17) 18... cxb3 19. axb3 a6 $1 20. Rfe1 Bb4 21. Rac1 Qb5 22. Nc4 {[%emt 0:12:14][%cal Be5c4,Bc4b6,Bb6a4,Ba4c5][%mdl 32] Und Re5 würde nun gewinnen.} Qd5 23. Nb6 Qxf3+ 24. Kxf3 Rxc1 {[%emt 0:00:53] Weiß behält die Zügel nun fest in der Hand.} (24... Rb8 $14 25. Bc3 Bf8) 25. Rxc1 $16 Ba5 26. Na4 Bxd2 27. Rc7 Rb8 {[%emt 0:02:21] [#]} 28. Nc5 $1 {[%emt 0:02:18] Weiß steht aktiver.} Nd5 29. Rd7 Nb6 30. Rxb7 Rxb7 31. Nxb7 $18 {[%emt 0:00:02][%mdl 4096] Endspiel. KBN-KBN} a5 32. Nc5 f5 33. Ke2 Bb4 34. Kd3 Kf7 35. Bc3 Bxc3 36. Kxc3 {[%emt 0:00:02] KN-KN} g5 37. Na4 Nd5+ 38. Kc4 Nf6 39. f3 {[%emt 0:07:12][%cal Bf2f3,Bf3f4][%mdl 32] Wehrt Ng4 ab} g4 {[%emt 0:00:17] [#]} 40. f4 ({Weniger gut wäre} 40. fxg4 Nxg4 41. d5 Nxh2 $16) 40... Ne4 41. Kd3 {[%emt 0:54:55] Verhindert Nd2.} Ke6 42. Nc3 {[%emt 0:00:00] Gewichteter Fehlerwert: Weiß=0.07 (makellos) /Schwarz=0.21 (präzise) .  Fehler:       	---       	Schwarz=1     Ungenau:       	Weiß=2     	Schwarz=5     OK:         	Weiß=20    	Schwarz=11    Bester:       	Weiß=1     	Schwarz=1     Stark:        	Weiß=1     	Schwarz=1} 1-0

[Event "German Bundesliga 2023-24"]
[Site "Germany"]
[Date "2024.03.16"]
[Round "12.9"]
[White "Livaic, Leon"]
[Black "Yuffa, Daniil"]
[Result "1/2-1/2"]
[ECO "A01"]
[WhiteElo "2549"]
[BlackElo "2601"]
[Annotator "TA"]
[PlyCount "51"]
[EventDate "2023.10.20"]
[EventType "team-tourn"]
[EventCountry "GER"]
[SourceTitle "playchess.com"]
[Source "ChessBase"]
[SourceQuality "1"]
[TimeControl "40/6000+30:3000+30"]

1. b3 e5 2. Bb2 Nc6 3. e3 d6 4. Nf3 g6 5. d4 Bg7 6. dxe5 Nge7 7. Nc3 Nxe5 8. Nxe5 {[%emt 0:07:51] Weiß steht etwas besser.} Bxe5 9. Qd2 Be6 10. O-O-O Qd7 11. f4 Bg7 12. e4 O-O-O 13. Qf2 Kb8 14. Nb5 Bxb2+ 15. Kxb2 Nc6 16. Nd4 Nxd4 17. Qxd4 Qe7 18. Bd3 h5 19. Rde1 Bd7 20. h4 Rhe8 21. g3 Bg4 22. Qc3 Bd7 23. a4 Qf8 24. Rhf1 f5 25. Re2 fxe4 26. Rxe4 {[%emt 0:00:21] Gewichteter Fehlerwert: Weiß=0.09 (makellos) /Schwarz=0.04 (makellos) .  Ungenau:       	Weiß=2     	Schwarz=1     OK:         	Weiß=6     	Schwarz=11    Bester:       	---       	Schwarz=2} 1/2-1/2

[Event "German Bundesliga 2023-24"]
[Site "Germany"]
[Date "2024.03.16"]
[Round "12.10"]
[White "Teclaf, Pawel"]
[Black "Kraemer, Martin"]
[Result "1/2-1/2"]
[ECO "D27"]
[WhiteElo "2571"]
[BlackElo "2579"]
[Annotator "TA"]
[PlyCount "63"]
[EventDate "2023.10.20"]
[EventType "team-tourn"]
[EventCountry "GER"]
[SourceTitle "playchess.com"]
[Source "ChessBase"]
[SourceQuality "1"]
[TimeControl "40/6000+30:3000+30"]

1. Nf3 d5 2. e3 Nf6 3. d4 c5 4. c4 dxc4 5. Bxc4 e6 6. O-O a6 7. Be2 Nbd7 8. b3 b6 9. Bb2 Bb7 10. Nbd2 Be7 11. Nc4 O-O 12. dxc5 Bxc5 13. a3 a5 14. Nd4 Qe7 15. Bf3 Bxf3 16. Qxf3 Bxd4 17. Bxd4 b5 18. Ne5 Nxe5 19. Bxe5 Rfd8 {[%emt 0:18:44] The position is equal.} 20. Rfd1 Rac8 21. h3 Rxd1+ (21... h6 {simplifies} 22. Bb2 Rc2 23. Bxf6 Rxd1+ 24. Rxd1 Qxf6 25. Qxf6 gxf6 26. Rd8+ Kg7) 22. Rxd1 Qxa3 23. Bxf6 gxf6 24. Qxf6 $11 {[%emt 0:00:10][%mdl 4096] [#] Endgame. And now Qg5+ would win. KQR-KQR} Rc1 $1 (24... Qxb3 25. Rd4 Qc2 (25... Qb1+ $2 26. Kh2 $18) 26. Rg4+ (26. Qg5+ Kf8 $18) 26... Kf8 27. Rg7 Qb1+ 28. Kh2 $18) 25. Qg5+ Kf8 26. Qd8+ Kg7 27. Rxc1 Qxc1+ 28. Kh2 Qc2 29. Qg5+ Kf8 30. Qd8+ Kg7 31. Qg5+ Kf8 32. Qd8+ {[%emt 0:02:55] A balanced but interesting game.   Weighted Error Value: White=0.02 (flawless) /Black=0.03 (flawless) .  OK:         	White=8     	Black=11     Best:        	White=1     	---        Strong:       	---       	Black=1} 1/2-1/2

[Event "German Bundesliga 2023-24"]
[Site "Germany"]
[Date "2024.03.16"]
[Round "12.10"]
[White "Shengelia, David"]
[Black "Dardha, Daniel"]
[Result "0-1"]
[ECO "D30"]
[WhiteElo "2494"]
[BlackElo "2575"]
[Annotator "RC"]
[PlyCount "201"]
[EventDate "2023.10.20"]
[EventType "team-tourn"]
[EventCountry "GER"]
[SourceTitle "playchess.com"]
[Source "ChessBase"]
[SourceQuality "1"]
[TimeControl "40/6000+30:3000+30"]

1. d4 d5 2. Nf3 Nf6 3. c4 e6 4. e3 a6 5. b3 dxc4 6. bxc4 c5 7. Bd3 cxd4 8. exd4 Bb4+ 9. Bd2 Bxd2+ 10. Nbxd2 Nc6 11. Nb3 O-O 12. O-O b6 13. Qd2 Bb7 14. Rfd1 Ne7 15. Ne5 Ng6 16. Rac1 Qc7 17. Bxg6 hxg6 18. Qf4 Qe7 19. Qh4 Rfe8 20. c5 Nd5 21. Qxe7 Rxe7 22. cxb6 Nxb6 23. Nc5 Bd5 24. a4 a5 25. f3 g5 26. Rb1 Nc8 27. Kf2 Rc7 28. Ned7 Ne7 29. Nb6 Rd8 30. Rb5 Ra7 31. Nxd5 Rxd5 32. g4 Ng6 33. Ne4 Nf4 34. Rxd5 exd5 35. Nc5 Ra8 36. Rb1 Re8 37. Rb5 Re2+ 38. Kf1 Rd2 39. Nb3 Rd3 40. Kf2 Kh7 41. Kg3 f6 42. Kf2 Kh6 43. Rb7 Kh7 44. Rb5 Rc3 45. Nc5 Rc2+ 46. Kf1 Rxh2 47. Rxa5 Rd2 48. Rb5 Rxd4 49. a5 Rd1+ 50. Kf2 d4 51. a6 Rd2+ 52. Kf1 Ra2 53. Rb4 d3 54. Rd4 d2 55. Nb3 Rxa6 56. Rxd2 Ra3 57. Nd4 g6 58. Kf2 Kg7 59. Ne2 Nd3+ 60. Kg3 Ne5 61. Nd4 Kf7 62. Kg2 Nc4 63. Re2 Rd3 64. Nc2 Ne5 65. Ne1 Rb3 66. Kf2 Ke6 67. Re3 Rb2+ 68. Re2 Rxe2+ 69. Kxe2 f5 70. gxf5+ gxf5 71. Nc2 Nc6 72. Ne1 Nb4 73. Ke3 Kd5 74. Ng2 Nc6 75. f4 g4 76. Nh4 Ne7 77. Kd3 Ke6 78. Ng2 Ng6 79. Kd4 Kd6 80. Ne3 Nh4 81. Nf1 Ng2 82. Ng3 Ke6 83. Nh5 Nh4 84. Ke3 Kd5 85. Kf2 Nf3 86. Ng3 Ke6 87. Nf1 Kd5 88. Ng3 Nd4 89. Ke3 Kc4 90. Nh5 Nc6 91. Kf2 Kd5 92. Ng3 Ne7 93. Nf1 Ke4 94. Kg3 Nd5 95. Nd2+ Kd3 96. Nb3 Nc3 97. Nc5+ Ke3 98. Ne6 Ne2+ 99. Kh4 g3 100. Ng5 g2 101. Nh3 0-1

[Event "German Bundesliga 2023-24"]
[Site "Germany"]
[Date "2024.03.16"]
[Round "12.10"]
[White "Abel, Dennes"]
[Black "Kollars, Dmitrij"]
[Result "0-1"]
[ECO "A06"]
[WhiteElo "2404"]
[BlackElo "2633"]
[Annotator "TA"]
[PlyCount "98"]
[EventDate "2023.10.20"]
[EventType "team-tourn"]
[EventCountry "GER"]
[SourceTitle "playchess.com"]
[Source "ChessBase"]
[SourceQuality "1"]
[TimeControl "40/6000+30:3000+30"]

1. Nf3 d5 2. e3 c5 3. b3 Nc6 4. Bb2 e6 5. d4 cxd4 6. exd4 g6 7. Bd3 Bg7 8. O-O {[%emt 0:01:56] Die Stellung ist ausgeglichen.} Nge7 9. Re1 O-O 10. Nbd2 Nf5 11. Bxf5 exf5 12. Ne5 Qc7 13. Ndf3 Re8 14. Qd2 f6 15. Nxc6 Qxc6 16. Rxe8+ Qxe8 17. Re1 Qc6 18. Qe2 Bd7 19. c4 Re8 20. Qd3 Qa6 21. Rxe8+ Bxe8 22. a3 Bf7 23. Nd2 Bh6 24. h3 Bf4 25. Qc3 Qe6 26. c5 Qe2 27. Nf1 Be8 28. a4 {[%emt 0:03:58] Lässt Bb5 nicht zu} Qd1 $40 {[%emt 0:02:12][%mdl 128] Schwarz hat was vor.} 29. g3 Bh6 30. f4 g5 31. Bc1 Bh5 {[%emt 0:02:10] Droht ...Be2 und aus.} 32. Qe3 {[%emt 0:04:17] Weiss ist schwach auf den weissen Feldern} Kf7 {[%emt 0:00:48] Pariert Qe6+.} 33. Kf2 {[%emt 0:00:35] Verhindert Be2.} Qc2+ 34. Bd2 Bd1 {[%emt 0:00:52] Schwarz steht aktiver.} 35. fxg5 Bxg5 36. Qe1 f4 $1 {[%emt 0:02:37] Zielt auf ...fxg3+ ab.} 37. Kg1 f3 (37... Qxb3 38. gxf4 Bh6 39. f5 Bxd2 40. Nxd2 Qxa4 41. Qe6+ Kg7 42. Qe7+ (42. Qxd5 Qb4 $11) 42... Kg8 43. Qe6+ (43. Qxf6 Qd7 $11) 43... Kg7 44. Qe7+ (44. Qxd5 Qb4 $11) 44... Kg8 45. Qxf6 $16) ({Vorzuziehen ist} 37... fxg3 $1 $17 {...Bxd2 wäre nun fies.} 38. Bxg5 fxg5) 38. h4 $1 $11 Bxd2 39. Qxd2 Qxb3 {[%emt 0:00:58][%mdl 4096] Endspiel. KQB-KQN} 40. Qh6 $2 {[%emt 0:01:36] [#]} (40. Qf4 $11 {und Weiss muss sich keine Sorgen machen.}) 40... Bc2 (40... Qxa4 41. Qxh7+ Kf8 42. Qh8+ (42. Qxb7 $2 Qxd4+ 43. Kh1 Be2 $19) 42... Kf7 43. Qh7+ Kf8 44. Qh6+ (44. Qxb7 $2 Qxd4+ 45. Kh1 Be2 $19) 44... Kf7 45. Qh7+ $11) (40... Qc2 $1 $19 41. Ne3 f2+ 42. Kg2 Qe4+ (42... Qxa4 $2 43. Qxh7+ Kf8 44. Nf5 $18) 43. Kf1 Qh1+ (43... Bxa4 $2 44. Qh5+ Ke6 45. Kxf2 $17) (43... Qxd4 44. Qxh7+ Kf8 45. Nxd1 $11) 44. Kxf2 Qf3+ (44... Bxa4 $2 45. Qxh7+ Kf8 46. Qxb7 $18) 45. Kg1 Qxg3+ 46. Ng2 Bf3 (46... Bxa4 47. Qxh7+ Qg7 48. Qh5+ Kf8 49. Kf2 $11) 47. Qxh7+ Ke6) 41. Nd2 $2 {[%emt 0:12:53][%mdl 8192] Der Zug kostet die Partie für Weiß.} (41. Qf4 $15) 41... Qc3 $19 (41... Qxa4 42. Qh5+ (42. Nxf3 $2 Be4 $19) 42... Ke7 43. Qg4 $19) 42. Qh5+ $2 {[%emt 0:08:19] [#]} (42. Kf2 Qxd4+ (42... Bxa4 43. Qxh7+ Kf8 44. Nxf3 $11) 43. Kxf3) 42... Ke7 $1 43. Nxf3 Qe3+ (43... Bxa4 44. Qxh7+ (44. Qxd5 $2 Qe3+ 45. Kg2 Bc6 $19) 44... Kf8 45. Qh6+ Kf7 46. Qf4 $11) 44. Kg2 Be4 {[%emt 0:00:40][%cal Oa7a5] ( -> ...a5!)} (44... Bxa4 45. Qxh7+ (45. Qxd5 $2 Bc6 $19) 45... Kf8 46. Qf5 (46. Qxb7 $2 Qe2+ 47. Kg1 Qxf3 $19) (46. Qh8+ Kf7 $11) 46... Qe2+ 47. Kh3 $11) 45. Qg4 Qe2+ {[%emt 0:01:24] Schwarz setzt Matt.} (45... Qxd4 46. Qg7+ Ke8 47. Qg8+ Kd7 48. Qxh7+ Kc6 49. Qe7 $11) 46. Kg1 Bxf3 47. Qg7+ Ke8 48. Qg8+ Kd7 49. Qg7+ Qe7 {[%emt 0:00:12] Gewichteter Fehlerwert: Weiß=0.60/Schwarz=0.10 (sehr präzise) .  Verlustzug:     	Weiß=2     	---        Fehler:       	Weiß=1     	Schwarz=2     Ungenau:       	Weiß=4     	Schwarz=2     OK:         	Weiß=14    	Schwarz=14    Bester:       	---       	Schwarz=3     Stark:        	Weiß=1     	Schwarz=2} (49... Ke6 $142 50. Qg8+ Kf5 51. Qc8+ Kg6 52. h5+ Kh6 (52... Kxh5 53. Qf5+ Kh6 54. Qxf6+ Kh5 55. Qf5+ Kh6 56. Qf6+ Kh5 57. Qf5+ Kh6 58. Qf6+ $11) 53. Qf8+ Kxh5 54. Qf7+ Kg4 55. Qg8+ Kh3 56. Qxh7+ Bh5 57. Qxh5+ Qxh5 58. Kf2 Qd1 (58... Qf5+ {führt zum Matt.} 59. Ke3 Qc2 60. Kf3 Qd1+ 61. Kf2 Kg4 62. a5 Qd2+ 63. Kf1 Kf3 64. Kg1 Qg2#) 59. c6 Kg4 (59... Qxd4+ 60. Ke2 bxc6 61. g4 Kxg4 62. a5 Qb2+ 63. Ke3 d4+ 64. Kd3 Kf3 65. Kc4 Qc3#) 60. Ke3 bxc6 (60... Kxg3 {ist ein Selbstmatt.} 61. cxb7 Qb3+ 62. Kd2 Kf2 63. Kc1 Ke2 64. b8=Q Qxb8 65. Kc2 a5 66. Kc1 Kd3 67. Kd1 Qb1#) 61. Kf2 Qd2+ (61... Qxd4+ 62. Ke2 Qb2+ 63. Kd1 Kf3 64. g4 Ke3 65. Ke1 Qe2#) 62. Kf1 Kf3 63. Kg1 Qg2#) 0-1

[Event "German Bundesliga 2023-24"]
[Site "Germany"]
[Date "2024.03.16"]
[Round "12.11"]
[White "Gustafsson, Jan"]
[Black "Walter, Stefan"]
[Result "1-0"]
[ECO "D31"]
[WhiteElo "2620"]
[BlackElo "2382"]
[Annotator "TA"]
[PlyCount "65"]
[EventDate "2023.10.20"]
[EventType "team-tourn"]
[EventCountry "GER"]
[SourceTitle "playchess.com"]
[Source "ChessBase"]
[SourceQuality "1"]
[TimeControl "40/6000+30:3000+30"]

1. c4 e6 2. Nc3 d5 3. d4 Be7 4. cxd5 exd5 5. Bf4 c6 6. e3 Bd6 7. Qf3 Ne7 8. Bd3 Bf5 {[%emt 0:07:58] Die Stellung ist ausgeglichen.} 9. Bxd6 Bxd3 10. Qf4 Nd7 11. O-O-O Bg6 12. h4 {[%emt 0:04:44] h5 ist eine echte Drohung.} h5 13. Nge2 Nf5 14. Ba3 Qb8 15. Qxb8+ Rxb8 16. Nf4 Rh6 {[%emt 0:11:31] [#]} (16... Nf6 $11) 17. e4 $1 $16 dxe4 18. Nxe4 Bh7 19. Rhe1 Kd8 20. Ng5 Bg8 21. d5 {[%emt 0:00:31] Weiß steht deutlich aktiver.} Kc7 22. dxc6 (22. d6+ {sieht schärfer aus.} Kd8 23. b3 b6 24. Bb2) 22... bxc6 (22... Rxc6+ $16 {ist eine bessere Verteidigung.} 23. Kb1 Rd8) 23. Nf3 Rd8 24. Nd4 Nd6 {[%emt 0:12:02] [#]} (24... Nxd4 $16 25. Rxd4 c5) 25. Nde6+ $1 $18 fxe6 26. Bxd6+ Kc8 {[%emt 0:00:33] Schwarz hat schwache schwarze Felder} 27. Be7 Re8 28. Bg5 Rh7 29. Ng6 $36 {[%emt 0:07:18][%mdl 2048] Weiss bestimmt, wo es lang geht.} Nf6 30. Ne5 Kc7 31. Re3 Ng4 (31... Nd5 {ist wohl besser.} 32. Ra3 Ra8) 32. Rd7+ Kc8 33. Rxa7 {[%emt 0:00:10] Gewichteter Fehlerwert: Weiß=0.10 (sehr präzise) /Schwarz=0.25 (präzise) .  Fehler:       	---       	Schwarz=4     Ungenau:       	Weiß=1     	---        OK:         	Weiß=16    	Schwarz=8     Bester:       	---       	Schwarz=5     Stark:        	Weiß=1     	---} 1-0

[Event "German Bundesliga 2023-24"]
[Site "Germany"]
[Date "2024.03.16"]
[Round "12.11"]
[White "Fridman, Daniel"]
[Black "Baidetskyi, Valentin"]
[Result "1-0"]
[ECO "E62"]
[WhiteElo "2588"]
[BlackElo "2471"]
[Annotator "TA"]
[PlyCount "113"]
[EventDate "2023.10.20"]
[EventType "team-tourn"]
[EventCountry "GER"]
[SourceTitle "playchess.com"]
[Source "ChessBase"]
[SourceQuality "1"]
[TimeControl "40/6000+30:3000+30"]

1. d4 Nf6 2. c4 g6 3. g3 Bg7 4. Bg2 O-O 5. Nc3 d6 6. Nf3 Nc6 7. O-O e5 8. d5 Nb8 9. e4 a5 10. Rb1 Na6 11. b3 Nc5 {[%emt 0:00:07] Die Stellung ist ausgeglichen.} 12. Re1 Bd7 13. Qc2 Nh5 14. Be3 b6 15. a3 a4 16. b4 Nb3 17. Nd2 f5 {[%emt 0:00:05] Droht stark ...f4.} 18. exf5 Bxf5 19. Nde4 Nf6 20. Rbd1 Kh8 21. Nb5 Ng4 22. h3 Nxe3 23. fxe3 h5 24. Qe2 Bh6 25. Kh2 Qe7 26. Rf1 Kg7 27. Nbc3 Bd7 28. Bf3 Rf7 29. Rf2 Raf8 30. Rdf1 Kg8 31. Qe1 Kg7 32. Kg2 Qd8 (32... Bf5 $14) 33. Bd1 $16 Rxf2+ 34. Rxf2 Qc8 (34... Rxf2+ $142 35. Qxf2 Bg5) 35. Rxf8 (35. g4 $142 {g5 ist eine echte Drohung.} hxg4 36. hxg4 Rxf2+ (36... Bxg4 $2 37. Rxf8 Kxf8 38. Qh4 $18) 37. Qxf2) 35... Qxf8 36. g4 hxg4 37. hxg4 {[%emt 0:00:06] Und jetzt g5 wäre schön.} (37. Bxg4 $6 Bf5 $11) 37... Qe7 38. Qf2 Bg5 {[%emt 0:03:44] [#]} 39. Nxg5 $1 Qxg5 40. Ne4 {[%emt 0:00:09] Verhindert Qf6} Qd8 41. Kg3 ({Besser ist} 41. g5 $18) 41... g5 42. Kg2 Be8 43. Ng3 {[%emt 0:00:00] Weiß hat aktiveres Spiel.} Bg6 {[%emt 0:00:12] [#]} (43... Qf6 $16 {ist wohl besser.}) 44. Bc2 $1 $18 Qf6 {[%emt 0:02:02] Zielt auf ...Qxf2+ ab.} 45. Bf5 $36 {[%emt 0:00:00][%mdl 2048] Weiss ist am Drücker.} Bf7 $2 (45... Qf7 $16 46. Qf3 Nd2) 46. Ne4 Qe7 (46... Qd8 47. Kg3 Qf8 48. Nxg5 Qe7) 47. Kf1 c5 (47... Qd8 $142 48. Ke2 b5) 48. dxc6 Bxc4+ 49. Kg1 {[%emt 0:00:00] Droht Qh2 und aus.} d5 50. Ng3 {[%emt 0:00:00] Und Qh2 würde nun gewinnen.} d4 51. Qh2 {[%emt 0:00:00][%cal Oc6c7] Droht Matt per c7!} Kg8 52. Qh6 {[%emt 0:00:00] Weiss will mit Nh5 Matt setzen.} dxe3 53. Ne4 (53. Nh5 $142 Nd2 54. Nf6+ Qxf6 55. Qxf6 Nf3+ 56. Kg2 Nh4+ 57. Kh3 Nxf5 58. gxf5) 53... Qd8 54. Qh7+ {[%emt 0:00:00] Weiß setzt Matt.} Kf8 55. Qh8+ Bg8 56. Qh6+ ({Und nicht} 56. Qxe5 Qd1+ 57. Kg2 Qe2+ 58. Kg3 Qe1+ 59. Kh2 Qe2+ (59... Qh4+ 60. Kg2 Bc4 61. c7) 60. Kg1 Qe1+ 61. Kh2 Qe2+ (61... Qh4+ 62. Kg2 Bc4 63. c7) 62. Kg3 Qe1+ 63. Kg2 Qe2+ 64. Kg3 $11) 56... Ke8 57. Nd6+ {[%emt 0:00:00] Gewichteter Fehlerwert: Weiß=0.10 (sehr präzise) /Schwarz=0.41.  Fehler:       	Weiß=2     	Schwarz=6     Ungenau:       	Weiß=3     	Schwarz=4     OK:         	Weiß=16    	Schwarz=14    Bester:       	Weiß=2     	Schwarz=2     Stark:        	Weiß=2     	---} ({Minderwertig wäre} 57. Qxg5 Qd1+ (57... Qxg5 $2 58. Nxg5 Kd8 59. Be6 $18) 58. Kh2 Qe2+ 59. Kg3 Qe1+ 60. Kg2 Qe2+ 61. Kg3 Qe1+ 62. Kh2 Qe2+ 63. Kh3 Qf1+ 64. Kh2 Qe2+ $11) 1-0

[Event "German Bundesliga 2023-24"]
[Site "Germany"]
[Date "2024.03.16"]
[Round "12.11"]
[White "Neugebauer, Martin"]
[Black "Gumularz, Szymon"]
[Result "0-1"]
[ECO "C07"]
[WhiteElo "2529"]
[BlackElo "2580"]
[Annotator "TA"]
[PlyCount "82"]
[EventDate "2023.10.20"]
[EventType "team-tourn"]
[EventCountry "GER"]
[SourceTitle "playchess.com"]
[Source "ChessBase"]
[SourceQuality "1"]
[TimeControl "40/6000+30:3000+30"]

1. e4 e6 2. d4 d5 3. Nd2 c5 4. exd5 Qxd5 5. Ngf3 cxd4 6. Bc4 Qd6 7. O-O Nf6 8. Nb3 Nc6 9. Nbxd4 Nxd4 10. Nxd4 Be7 11. Nb5 Qc6 12. Qe2 O-O 13. Re1 {[%emt 0:13:22] The position is equal.} Rd8 14. c3 a6 15. Nd4 Qc7 16. Bg5 Nd5 17. Bxe7 Nxe7 18. Bb3 Ng6 19. Qe4 Bd7 20. Rad1 a5 21. Bc2 a4 22. a3 Qb6 23. h4 (23. Rb1 $11) 23... Ra5 (23... Qxb2 $15 24. h5 Nf8) 24. Nf3 ({Better is} 24. Qg4 $1 $14) 24... Qxb2 $11 25. Qb4 Qxb4 (25... Qxc2 $2 {is the wrong capture.} 26. Qxa5 Rc8 27. Rxd7 $18) 26. cxb4 Raa8 27. Be4 Bc6 28. Bxc6 bxc6 29. Rc1 Ne7 $36 {[%emt 0:01:58][%mdl 2048] Black is more active.} 30. Ne5 Ra6 31. Red1 Rd5 32. Nd7 (32. Rxd5 $11 exd5 (32... cxd5 33. Rc7 $11) 33. Kf1) 32... h5 (32... Ra7 $15 33. Rxd5 cxd5) 33. Rxd5 exd5 {[%emt 0:02:28][%mdl 4096] Endgame. KRN-KRN} 34. Re1 (34. Rc5 $14) 34... Nf5 35. Re8+ (35. Nb8 $11 {keeps the balance.} Rb6 36. Nd7) 35... Kh7 $17 36. Rc8 (36. Nf8+ $17 Kh6 37. Nd7) 36... Nd6 $19 (36... Nxh4 37. Nc5 Rb6 38. Ra8 $16) 37. Rb8 Nb5 38. Nc5 $2 (38. f4 {was forced.}) 38... Ra7 39. Rc8 Nxa3 40. Rxc6 Nb5 {[%emt 0:00:52] [#] Against Rd6. White must now prevent ...Nd4.} 41. Rb6 Nd4 {[%emt 0:01:14] Weighted Error Value: White=0.31/Black=0.13 (very precise) .  Mistake:       	White=7     	Black=2      Inaccurate:     	White=1     	Black=2      OK:         	White=14    	Black=14     Best:        	White=1     	Black=2} 0-1

[Event "German Bundesliga 2023-24"]
[Site "Germany"]
[Date "2024.03.16"]
[Round "12.12"]
[White "Gavrilescu, David"]
[Black "Krejci, Jan"]
[Result "0-1"]
[ECO "C45"]
[WhiteElo "2534"]
[BlackElo "2517"]
[Annotator "TA"]
[PlyCount "80"]
[EventDate "2023.10.20"]
[EventType "team-tourn"]
[EventCountry "GER"]
[SourceTitle "playchess.com"]
[Source "ChessBase"]
[SourceQuality "1"]
[TimeControl "40/6000+30:3000+30"]

1. e4 e5 2. Nf3 Nc6 3. d4 exd4 4. Nxd4 Bc5 5. Nb3 Bb6 6. Nc3 d6 7. Bf4 Be6 8. Nd5 (8. Qd2 $142) 8... Nf6 $11 9. Nxb6 {[%emt 0:08:44] The position is equal.} axb6 10. Nd2 O-O 11. Bd3 Nd7 12. c3 f5 13. exf5 Nc5 14. Be2 Bxf5 {[%emt 0:04:12][%cal Of5h3] White must now prevent ...Bh3!} 15. O-O Bd3 16. Bxd3 Nxd3 17. Bg3 Kh8 18. Nc4 Nc5 19. Qg4 Qc8 20. Qh4 Qe6 {[%emt 0:01:17][%cal Og7g5] ...g5! would now be deadly.} 21. Rae1 $2 {[%emt 0:10:41][%mdl 8192] [#] Now White is beyond hope.} (21. h3 $11) 21... g5 $1 $19 22. Qxg5 Qxc4 23. Qh6 Qf7 24. b4 Nd3 25. Re4 Qg6 (25... Qxa2 26. Qh5) (25... Rxa2 26. Qe3 Nce5 27. Qd4) 26. Qh4 (26. Qe3 $142 Rfe8 27. Rxe8+ Rxe8 28. Qd2) 26... Rxa2 27. Re3 b5 28. f4 Qf5 29. Qh6 {[%emt 0:00:04][%cal Oe3d3] [#]} Nde5 30. h3 {[%emt 0:01:08] Dodges Ng4} Rf6 31. Qh4 h5 32. Be1 Ng6 33. Qg3 {[%emt 0:00:01] [#]} Nce5 $1 34. Kh1 (34. Rf2 Rxf2) 34... h4 35. Qh2 Nc4 36. Re8+ Kh7 {[%emt 0:00:43][%cal Of5d7] aiming for ...Qd7!} 37. Qg1 Qd5 (37... Nxf4 $2 38. Bxh4 Rf7 (38... Rxg2 39. Qxg2 Nxg2 40. Rxf5 $17) 39. Bg3 $19) 38. Bf2 Nxf4 39. Bd4 Rxg2 (39... Qxg2+ $2 {perishes.} 40. Qxg2 Rxg2 41. Bxf6 $18) 40. Re7+ Kg6 {[%emt 0:00:20] Weighted Error Value: White=0.42/Black=0.07 (flawless) .  Loses game:     	White=1     	---        Mistake:       	White=2     	---        Inaccurate:     	White=1     	---        OK:         	White=9     	Black=14     Best:        	White=1     	---        Strong:       	---       	Black=1} 0-1